 Dungeon Crawl Stone Soup version 0.20.1-1-g8b1a95d (webtiles) character file.

50 Jannitor the Sneak (level 3, 0/21 HPs)
             Began as an Octopode Ice Elementalist on Aug 23, 2017.
             Slain by a gnoll (4 damage)
             ... on level 2 of the Dungeon.
             The game lasted 00:03:00 (2297 turns).

Jannitor the Sneak (Octopode Ice Elementalist)      Turns: 2297, Time: 00:03:00

Health: 0/21       AC:  1    Str:  7    XL:     3   Next: 79%
Magic:  3/6        EV: 13    Int: 18    God:
Gold:   155        SH:  0    Dex: 15    Spells: 2/6 levels left

rFire    . . .     SeeInvis .   (no weapon)
rCold    . . .     Gourm    .   (no shield)
rNeg     . . .     Faith    .   (helmet restricted)
rPois    .         Spirit   .   (no amulet)
rElec    .         Reflect  .   f - +3 ring of dexterity
rCorr    .         Harm     .   (no ring)
MR       .....                  (no ring)
Stlth    ++++......             (no ring)
Regen    0.1/turn               (no ring)
MPRegen  0.1/turn               (no ring)
                                (no ring)
                                (no ring)

@: no status effects
A: almost no armour, stealthy swim, amphibious, 8 rings, constrict 8, camouflage
1, gelatinous body 1
a: no special abilities


You were on level 2 of the Dungeon.
You were not hungry.

You visited 1 branch of the dungeon, and saw 3 of its levels.

You collected 155 gold pieces.

Inventory:

Jewellery
 f - a +3 ring of dexterity (left tentacle)
Scrolls
 c - a scroll of recharging {unknown}
 e - 2 scrolls of magic mapping {unknown}
 h - a scroll of enchant weapon {unknown}
 j - a scroll of teleportation {unknown}
 k - a scroll of remove curse {unknown}
Potions
 d - a potion of berserk rage {unknown}
 i - 2 potions of resistance {unknown}
Books
 a - a book of Frost

   Spells                             Type                      Level
   a - Freeze                         Ice                          1
   b - Throw Frost                    Conjuration/Ice              2
   c - Ozocubu's Armour               Charms/Ice                   3
   d - Throw Icicle                   Conjuration/Ice              4
   e - Summon Ice Beast               Ice/Summoning                4
Comestibles
 b - a bread ration
 g - 2 meat rations


   Skills:
 - Level 2.0 Dodging
 + Level 4.2 Stealth
 - Level 2.0 Spellcasting
   Level 1.0 Conjurations
 + Level 3.9 Ice Magic


You had 2 spell levels left.
You knew the following spells:

 Your Spells              Type           Power        Failure   Level  Hunger
a - Freeze                Ice            ###.         3%          1    #......
b - Ozocubu's Armour      Chrm/Ice       #.......     24%         3    ###....


Dungeon Overview and Level Annotations

Branches:
Dungeon (3/15)

Altars:
Ru


Innate Abilities, Weirdness & Mutations

You cannot wear most types of armour.
You are very stealthy in the water. (Stealth+)
You are amphibious.
You can wear up to eight rings at the same time.
You can use your tentacles to constrict eight enemies at once.
Your skin changes colour to match your surroundings (Stealth+).
Your rubbery body absorbs attacks. (AC +1, EV +1)


Message History

The gnoll is heavily wounded.
The gnoll hits you.
Casting: Freeze
Confirm with . or Enter, or press ? or * to list all spells.
Aiming: Freeze
Press: ? - help, Shift-Dir - straight line, f/p - gnoll
Aim: a gnoll (heavily wounded)
You freeze the gnoll.
The gnoll is heavily wounded.
The gnoll hits you.
* * * LOW HITPOINT WARNING * * *
Casting: Freeze
Confirm with . or Enter, or press ? or * to list all spells.
Aiming: Freeze
Press: ? - help, Shift-Dir - straight line, f/p - gnoll
Aim: a gnoll (heavily wounded)
You freeze the gnoll.
The gnoll is severely wounded.
The gnoll hits you.
You die...

###########
#####.........####
#...'.............
#.###.........#### #.#
#.........# # #.#
#...(.....# #
#g###.........## #
#@.............###
#.###...........#
##.###.........#.#
#..............#.##
#..............#..#
#########.......######.##.#
#...............######+##.#
#.#############.##......#.#
#.# #.##..>...#.#


You could see a gnoll.

Vanquished Creatures
  A gnoll (D:1)
  An ooze (D:3)
  A worm (D:2)
  A dart slug (D:1)
  A ball python (D:1)
  A giant cockroach (D:1)
  5 goblins (D:1)
  5 hobgoblins
  4 bats
  2 frilled lizards
  7 kobolds
  3 rats
32 creatures vanquished.

Notes
Turn   | Place    | Note
-------+----------+-------------------------------------------
     0 | D:1      | Jannitor the Octopode Ice Elementalist began the quest for the Orb.
     0 | D:1      | Reached XP level 1. HP: 11/11 MP: 3/3
   143 | D:1      | Reached skill level 3 in Stealth
   146 | D:1      | Reached XP level 2. HP: 16/17 MP: 0/5
   589 | D:1      | Reached XP level 3. HP: 12/21 MP: 2/6
   776 | D:1      | Reached skill level 4 in Stealth
  1788 | D:2      | Learned a level 3 spell: Ozocubu's Armour
  1962 | D:2      | Found a sacrificial altar of Ru.
  2297 | D:2      | Slain by a gnoll

Skill      XL: |  1  2  3 |
---------------+----------+-----
Stealth        | 3 4 |  4.2
Dodging        | |  2.0
Spellcasting   | |  2.0
Conjurations   | |  1.0
Ice Magic      | |  3.9

Action                   || total
-------------------------++-------
Melee: Unarmed           ||    30
       Constrict         ||    15
       Tentacles         ||     5
 Cast: Freeze            ||    49
       Ozocubu's Armour  ||     1
 Stab: Sleeping          ||     5
  Eat: Bread ration      ||     1
       Chunk             ||     1
Armor: Skin              ||     6
Dodge: Dodged            ||    39
